 Dungeon Crawl Stone Soup version 0.27-a0-61-g21144fbd99 (webtiles) character file.

Game seed: 8639152832036778131

7 lessens the Vexing (level 1, 0/14 HPs)
             Began as a Palentonga Wanderer on Jan 8, 2021.
             Succumbed to a goblin's poison
             ... on level 1 of the Dungeon.
             The game lasted 00:01:19 (169 turns).

lessens the Vexing (Palentonga Wanderer)             Turns: 169, Time: 00:01:20

Health: 0/14       AC:  4    Str: 13    XL:     1   Next: 83%
Magic:  4/4        EV:  9    Int: 14    God:
Gold:   10         SH:  0    Dex:  9    Spells: 6/6 levels left

rFire    . . .     SeeInvis +   a - +0 club
rCold    . . .     Faith    .   (no shield)
rNeg     . . .     Spirit   .   d - +0 robe
rPois    .         Reflect  .   (no helmet)
rElec    .         Harm     .   (no cloak)
rCorr    .         Rampage  .   (no gloves)
Will     .....                  (no barding)
Stlth    +.........             (no amulet)
HPRegen  0.04/turn              (no ring)
MPRegen  0.09/turn              (no ring)

@: lethally poisoned (0 -> -14)
A: large, rugged brown scales 3, see invisible, deformed body, roll 1, armoured
tail
a: Rolling Charge


You were on level 1 of the Dungeon.
You visited 1 branch of the dungeon, and saw 1 of its levels.

You collected 10 gold pieces.

Inventory:

Hand Weapons
 a - a +0 club (weapon)
Missiles
 e - 12 arrows
Armour
 d - a +0 robe (worn)
Jewellery
 c - an uncursed ring of positive energy {unknown}
Scrolls
 b - a scroll of fog {unknown}


   Skills:
 - Level 1.0 Throwing
 + Level 3.2 Spellcasting
 + Level 3.2 Hexes
 - Level 1.0 Necromancy
 - Level 1.0 Transmutations
 - Level 1.0 Evocations


You had 6 spell levels left.
You didn't know any spells.
Your spell library contained the following spells:

 Spells                   Type           Power        Failure   Level
 Corona                   Hex            12%          5%          1
 Ensorcelled Hibernation  Hex/Ice        12%          16%         2
 Sting                    Tmut/Pois      12%          17%         1
 Confusing Touch          Hex            11%          17%         3
 Tukima's Dance           Hex            11%          17%         3
 Shock                    Conj/Air       8%           22%         1
 Dazzling Flash           Conj/Hex       12%          32%         3
 Ignite Poison            Fire/Tmut/Pois 3%           50%         3
 Static Discharge         Conj/Air       2%           54%         3


Dungeon Overview and Level Annotations

Branches:
Dungeon (1/15)

Altars:


Innate Abilities, Weirdness & Mutations

You are completely covered in rugged brown scales. (AC +3, +7% HP)
You have supernaturally acute eyesight. (SInv)
Armour fits poorly on your strangely shaped body.
You can roll at nearby foes to attack.
You have a long armoured tail.


Message History

You kill the goblin!
You feel sick.
You aren't carrying any potions.
You feel sick.
Things that are here:
a +4 dagger of venom; a goblin corpse You feel sick.
You feel sick.
You feel sick.
You feel sick.
A kobold comes into view.
* * * LOW HITPOINT WARNING * * *
You feel sick.
The kobold shouts!
The kobold throws a stone.
The stone hits you.
* * * LOW HITPOINT WARNING * * *
You see here a stone.
* * * LOW HITPOINT WARNING * * *
You feel sick.
You die...

## ###.### ..
.......#######
## #@.....#
##...#.#
##..#.#
#.(...#
#.##.### K.#
#.# #.## ...#
##.## #...
#+##
#...######
####
#.#..)(...# #


There were no monsters in sight!

Vanquished Creatures
  An ooze (D:1)
  A goblin (D:1)
  A rat (D:1)
3 creatures vanquished.

Notes
Turn   | Place    | Note
-------+----------+-------------------------------------------
     0 | D:1      | lessens the Palentonga Wanderer began the quest for the
                  | Orb.
     0 | D:1      | lessens set off with the following items: a +0 club, a +0
                  | robe; and the following spells available to memorise:
                  | Corona, Sting, Ensorcelled Hibernation, Confusing Touch,
                  | Tukima's Dance, Shock, Dazzling Flash, Ignite Poison,
                  | Static Discharge
     0 | D:1      | Reached XP level 1. HP: 14/14 MP: 4/4
     0 | D:1      | Upgraded the game from 0.27-a0-54-g64bdb92e38 to
                  | 0.27-a0-61-g21144fbd99
   169 | D:1      | Succumbed to a goblin's poison

Illustrated notes

Levels and vault maps discovered:
D:1:      moated_graveyard_arrival, layout_loops_corners

Action                   || total
-------------------------++-------
Melee: Club              ||     8
Armor: Robe              ||     4
Dodge: Dodged            ||     1

Table legend: (Time is in decaauts)
 A = Elapsed time spent in this place.
 B = Non-inter-level travel time spent in this place.
 C = Inter-level travel time spent in this place.
 D = Time resting spent in this place.
 E = Time spent auto-exploring this place.
 F = Levels seen in this place.
 G = Mean time per level.
                   A        B        C        D        E       F      G
               +--------+--------+--------+--------+--------+-----+--------+
         Total |    171 |    171 |      0 |      0 |    143 |   1 |  171.0 |
       Dungeon |    171 |    171 |      0 |      0 |    143 |   1 |  171.0 |
               +--------+--------+--------+--------+--------+-----+--------+

Top non-repeatable levels by time:
     D:1: 171 daAuts
